 Dungeon Crawl Stone Soup version 0.30-a0-137-gd8773701ce (webtiles) character file.

Game seed: 16056646764956711449

9 IdlyInterested the Covered (level 2, 0/21 HPs)
             Began as a Demonspawn Wanderer on Sept 22, 2022.
             Succumbed to a kobold's poison
             ... on level 1 of the Dungeon.
             The game lasted 00:01:25 (255 turns).

IdlyInterested the Covered (Demonspawn Wanderer)     Turns: 255, Time: 00:01:26

Health: 0/21       AC:  7    Str: 10    XL:     2   Next: 3%
Magic:  3/3        EV:  8    Int: 19    God:
Gold:   10         SH:  0    Dex: 10    Spells: 2/3 levels left

rFire   . . .      SeeInvis +    a - +0 short sword
rCold   . . .      Faith    .    (no shield)
rNeg    . . .      Spirit   .    b - +0 scale mail
rPois   .          Reflect  .    (helmet restricted)
rElec   .          Harm     .    (no cloak)
rCorr   .          Rampage  .    (no gloves)
Will    .....                    (no boots)
Stlth   ..........               (no amulet)
HPRegen 0.07/turn                (no ring)
MPRegen 0.08/turn                (no ring)

@: lethally poisoned (0 -> -3)
A: demonic guardian 1, horns 1, see invisible, clever 1
a: no special abilities


You were on level 1 of the Dungeon.
You visited 1 branch of the dungeon, and saw 1 of its levels.

You collected 10 gold pieces.

Inventory:

Hand Weapons
 a - a +0 short sword (weapon)
Armour
 b - a +0 scale mail (worn)
 e - a +0 plate armour
Scrolls
 d - a scroll of identify {unknown}
 f - a scroll of poison {unknown}
 g - a scroll of brand weapon {unknown}


   Skills:
 + Level 1.1 Fighting
 - Level 1.7 Short Blades
 + Level 3.7 Armour
 * Level 1.0 Spellcasting
 + Level 3.4 Necromancy


You had 2 spell levels left.
You knew the following spells:

 Your Spells              Type           Power      Damage    Failure   Level
a - Necrotise             Necr           56%        1d6       28%         1

Your spell library contained the following spells:

 Spells                   Type           Power      Damage    Failure   Level
 Dispel Undead            Necr           14%        3d10      95%         4
 Anguish                  Hex/Necr       3%         N/A       99%         4


Dungeon Overview and Level Annotations

Branches:
Dungeon (1/15)

Altars:


Innate Abilities, Weirdness & Mutations

A weak demonic guardian rushes to your aid.
You have a pair of small horns on your head.
You have supernaturally acute eyesight. (SInv)
Your mind is acute. (Int +4, Str/Dex -1)


Message History

Your Fighting skill increases to level 1!
You see here a ball python corpse.
g - a scroll labelled IDEUXT NULORA A kobold comes into view.
It is wielding a +0 dagger.
A kobold comes into view. It is wielding a +1 whip of venom.
The kobold throws a stone.
The stone completely misses you.
You hit the kobold.
You kill the kobold!
You have reached level 2!
Your demonic ancestry asserts itself...
You feel the presence of a demonic guardian.
You closely miss the kobold.
The kobold hits you with a +1 whip of venom.
You are poisoned.
You barely miss the kobold.
You feel very sick.
The kobold hits you with a +1 whip of venom.
You are lethally poisoned!
You hit the kobold.
You kill the kobold!
You feel very sick.
You feel very sick.
Items here: ( )) †.
Found a stone staircase leading down.
* * * LOW HITPOINT WARNING * * *
You feel very sick.
Okay, then.
Okay, then.
Okay, then.
* * * LOW HITPOINT WARNING * * *
You feel sick.
Items here: ( )) †.
Really quaff the potion of mutation?
You feel extremely strange.
Your vision sharpens.
You feel clever. A pair of horns grows on your head!
* * * LOW HITPOINT WARNING * * *
You feel sick.
* * * LOW HITPOINT WARNING * * *
You feel sick.
You die...

#.............#
#.###########†##########
#.# #............
#.####### #..##########
#.......# #..# #######
#######.# #..# #......
#. #.# #..# #.#####
###.. #.# #..# #.#....
....>.#@# #..####.#....
........# #............
###.....# #.#####.####.
#.....# #............
##+##.. ##########.##
... .......... ##..
#.#####.## .. ... ##...#
... ....#.....


There were no monsters in sight!

Vanquished Creatures
  A ball python (D:1)
  A giant cockroach (D:1)
  2 goblins (D:1)
  4 kobolds (D:1)
8 creatures vanquished.

Notes
Turn   | Place    | Note
-------+----------+-------------------------------------------
     0 | D:1      | IdlyInterested the Demonspawn Wanderer began the quest for
                  | the Orb.
     0 | D:1      | IdlyInterested set off with the following items: a +0 short
                  | sword, a +0 scale mail, a potion of mutation; and the
                  | following spell memorised: Necrotise; and the following
                  | spells available to memorise: Dispel Undead, Anguish.
     0 | D:1      | Reached XP level 1. HP: 13/13 MP: 2/2
   217 | D:1      | Reached skill level 1 in Fighting
   245 | D:1      | Gained mutation: A weak demonic guardian rushes to your
                  | aid. [demonic ancestry]
   245 | D:1      | Reached XP level 2. HP: 21/21 MP: 3/3
   253 | D:1      | Gained mutation: You have supernaturally acute eyesight.
                  | (SInv) [potion of mutation]
   253 | D:1      | Gained mutation: Your mind is acute. (Int +4, Str/Dex -1)
                  | [potion of mutation]
   253 | D:1      | Gained mutation: You have a pair of small horns on your
                  | head. [potion of mutation]
   254 | D:1      | HP: 1/21 [poisoned by a kobold]
   255 | D:1      | Succumbed to a kobold's poison

Illustrated notes

Levels and vault maps discovered:
D:1:      onia_arrival_pyramid, layout_basic

Skill      XL: |  1 |
---------------+----+-----
Fighting       | 1 |  1.1
Short Blades   | |  1.7
Armour         | |  3.7
Spellcasting   | |  1.0
Necromancy     | |  3.4

Action                   || total
-------------------------++-------
Melee: Short sword       ||    37
       Punch             ||     1
  Use: Potion            ||     1
Armor: Scale mail        ||    16
Dodge: Dodged            ||    10

Table legend: (Time is in decaauts)
 A = Elapsed time spent in this place.
 B = Non-inter-level travel time spent in this place.
 C = Inter-level travel time spent in this place.
 D = Time resting spent in this place.
 E = Time spent auto-exploring this place.
 F = Levels seen in this place.
 G = Mean time per level.
                   A        B        C        D        E       F      G
               +--------+--------+--------+--------+--------+-----+--------+
         Total |    251 |    230 |     21 |      0 |    157 |   1 |  251.0 |
       Dungeon |    251 |    230 |     21 |      0 |    157 |   1 |  251.0 |
               +--------+--------+--------+--------+--------+-----+--------+

Top non-repeatable levels by time:
     D:1: 251 daAuts
